Map: Lost and Found LE

Players

Michael - Winner!

  • Race: Zerg Zerg
  • League: Gold
  • Spawn Location: 7:00

Chipermix

  • Race: Protoss Protoss
  • League: Gold
  • Spawn Location: 1:00

VOD

Have the link to the VOD?

Description

Time

  • Played on: Sept. 29, 2018, 4:16 a.m.
  • Length: 6:44
Show
View Real Time Build Order
Export as new Build Order

Michael Zerg - Winner!

Build Orders: Pool First 

Get SALT Encoding   

  12  0:01  Drone  
  13  0:12  Overlord  
  13  0:16  Drone  
  14  0:31  Drone x2  
  16  0:38  Drone  
  17  0:45  Drone  
  18  1:01  Extractor, Spawning Pool  
  16  1:08  Drone x2  
  18  1:35  Drone  
  18  1:37  Drone  
  18  1:38  Overlord  
  20  1:48  Queen  
  20  1:52  Roach Warren  
  21  1:58  Spine Crawler  
  20  2:03  Zergling x4  
  22  2:09  Extractor  
  22  2:11  Drone  
  22  2:30  Metabolic Boost  
  22  2:41  Zergling x4  
  23  2:56  Spine Crawler  
  22  3:00  Queen  
  22  3:02  Roach  
  22  3:03  Roach x2  
  30  3:07  Overlord x2  
  30  3:29  Roach x2  
  32  3:45  Drone x3  
  34  4:03  Hatchery  
  34  4:06  Roach x2  
  36  4:13  Drone  
  37  4:28  Drone  
  38  4:38  Lair  
  38  4:43  Spore Crawler  
  38  4:44  Spore Crawler  
  34  4:57  Roach x5  
  34  5:30  Queen  
  34  5:31  Drone  
  34  5:32  Drone x4  
  39  5:47  Roach x2  
  43  5:58  Hydralisk Den  
  42  6:15  Roach  
  42  6:16  Zergling x6  
  47  6:25  Drone x3  
Show
View Real Time Build Order
Export as new Build Order

Chipermix Protoss 

Build Orders:  

Get SALT Encoding   

  1  0:00  Probe  
  13  0:30  Probe  
  14  0:42  Probe  
  15  0:44  Pylon  
  15  1:02  Probe  
  16  1:04  Gateway  
  16  1:07  Gateway  
  16  1:08  Gateway  
  16  1:14  Pylon  
  16  1:22  Pylon  
  16  1:30  Probe  
  17  1:42  Probe  
  17  1:45  Zealot  
  20  1:54  Probe  
  20  1:55  Zealot x2  
  25  2:06  Probe  
  26  2:08  Zealot  
  28  2:22  Zealot x2  
  32  2:23  Probe  
  32  2:29  Zealot  
  33  2:35  Probe  
  30  2:52  Zealot  
  30  2:53  Zealot  
  32  3:05  Probe  
  32  3:06  Pylon  
  32  3:12  Gateway  
  33  3:16  Zealot  
  33  3:18  Probe  
  33  3:19  Zealot  
  38  3:24  Zealot  
  40  3:30  Probe  
  40  3:31  Pylon  
  41  3:37  Pylon  
  31  3:50  Assimilator  
  31  3:58  Assimilator  
  33  4:02  Zealot  
  33  4:03  Zealot x3  
  33  4:25  Zealot  
  33  4:30  Zealot x3  
  41  4:38  Pylon  
  41  4:39  Probe  
  42  4:47  Zealot  
  42  4:51  Probe  
  45  4:57  Zealot  
  43  5:06  Zealot  
  39  5:15  Zealot  
  39  5:19  Forge  
  39  5:23  Cybernetics Core  
  39  5:24  Zealot  
  39  5:27  Pylon  
  39  5:29  Probe  
  36  5:42  Zealot  
  32  5:52  Zealot x2  
  32  5:54  Zealot  
  36  6:09  Zealot  
  38  6:16  Zealot  
  38  6:30  Probe  
Tags
 
Add a new tag
Caveats
  • Supply blocks, unpowered buildings, or Contaminate may cause inaccurate times.
  • Supply counts are checked every 10 seconds.